 Dungeon Crawl Stone Soup version 0.22.1-1-ga44c0e56f4 (webtiles) character file.

105 Knicklaso the Magician (level 5, 0/35 HPs)
             Began as a Human Wizard on Sept 30, 2018.
             Slain by a bullfrog (1 damage)
             ... on level 2 of the Dungeon.
             The game lasted 00:07:21 (2464 turns).

Knicklaso the Magician (Human Wizard)               Turns: 2464, Time: 00:07:21

Health: 0/35       AC:  2    Str:  9    XL:     5   Next: 9%
Magic:  3/10       EV: 12    Int: 18    God:
Gold:   74         SH:  0    Dex: 11    Spells: 3/11 levels left

rFire    . . .     SeeInvis .   j - +0 whip
rCold    . . .     Gourm    .   (no shield)
rNeg     . . .     Faith    .   a - +0 robe
rPois    .         Spirit   .   b - +0 hat
rElec    .         Reflect  .   (no cloak)
rCorr    .         Harm     .   (no gloves)
MR       .....                  (no boots)
Stlth    ++........             (no amulet)
HPRegen  0.11/turn              (no ring)
MPRegen  0.12/turn              (no ring)

@: no status effects
A: no striking features
a: no special abilities


You were on level 2 of the Dungeon.
You were not hungry.

You visited 1 branch of the dungeon, and saw 2 of its levels.

You collected 74 gold pieces.

Inventory:

Hand Weapons
 j - a +0 whip (weapon)
Missiles
 h - 13 poisoned needles
Armour
 a - a +0 robe (worn)
 b - a +0 hat (worn)
Scrolls
 c - a scroll of enchant weapon {unknown}
 g - a scroll of magic mapping {unknown}
 k - 2 scrolls of teleportation {unknown}
 l - a scroll of random uselessness {unknown}
 o - a scroll of enchant armour {unknown}
Potions
 e - 2 potions of haste {unknown}
 i - a potion of cancellation {unknown}
 m - a potion of berserk rage {unknown}
 n - a potion of brilliance {unknown}
Comestibles
 d - 2 rations


   Skills:
 - Level 2.0 Dodging
 - Level 2.0 Stealth
 + Level 3.8 Spellcasting
 - Level 3.0 Conjurations
 + Level 1.0 Summonings
 - Level 2.0 Translocations


You had 3 spell levels left.
You knew the following spells:

 Your Spells              Type           Power        Failure   Level  Hunger
a - Magic Dart            Conj           ##..         4%          1    None
b - Call Imp              Summ           #.......     16%         2    ##.....
c - Mephitic Cloud        Conj/Pois/Air  #.......     30%         3    ###....
d - Blink                 Tloc           N/A          10%         2    ##.....

Your spell library contained the following spells:

 Spells                   Type           Power        Failure   Level  Hunger
 Slow                     Hex            #.......     22%         2    ##.....
 Conjure Flame            Conj/Fire      #.......     24%         3    ###....


Dungeon Overview and Level Annotations

Branches:
Dungeon (2/15)

Altars:


Message History

Aim: a bullfrog (severely wounded)
The magic dart hits the bullfrog.
The bullfrog is almost dead.
The bullfrog hits you! The bullfrog misses you.
Casting: Magic Dart (safe; 4% risk of failure)
Confirm with . or Enter, or press ? or * to list all spells.
Aiming: Magic Dart (safe; 4% risk of failure)
Press: ? - help, Shift-Dir - straight line, f/p - bullfrog
Aim: a bullfrog (almost dead)
The magic dart hits the bullfrog.
The bullfrog is almost dead.
The bullfrog hits you!
* * * LOW HITPOINT WARNING * * *
The bullfrog closely misses you. The bullfrog hits you.
* * * LOW HITPOINT WARNING * * *
The bullfrog closely misses you. The bullfrog hits you.
You die...

#.# # #.# # #.# ..
#.# .# #># .# #.#
.# #.# .# #.# .#
#@##########.#####
#.F...............
############..?...
######


You could see a bullfrog.

Vanquished Creatures
  4 adders
  2 oozes (D:1)
  A worm (D:2)
  A dart slug (D:1)
  3 leopard geckos (D:1)
  3 giant cockroaches (D:1)
  5 goblins
  7 hobgoblins
  4 jackals
  4 kobolds
  6 bats
  3 frilled lizards (D:1)
  A rat (D:1)
44 creatures vanquished.

Vanquished Creatures (collateral kills)
  An adder (D:2)
1 creature vanquished.

Grand Total: 45 creatures vanquished

Notes
Turn   | Place    | Note
-------+----------+-------------------------------------------
     0 | D:1      | Knicklaso the Human Wizard began the quest for the Orb.
     0 | D:1      | Reached XP level 1. HP: 13/13 MP: 4/4
   360 | D:1      | Reached XP level 2. HP: 19/19 MP: 3/6
   709 | D:1      | Reached XP level 3. HP: 22/24 MP: 0/7
  1033 | D:1      | Learned a level 2 spell: Call Imp
  1037 | D:1      | Learned a level 3 spell: Mephitic Cloud
  1040 | D:1      | Learned a level 2 spell: Blink
  1339 | D:1      | Reached XP level 4. HP: 30/30 MP: 6/9
  2359 | D:2      | Reached XP level 5. HP: 34/35 MP: 1/10
  2445 | D:2      | Noticed a bullfrog
  2460 | D:2      | HP: 1/35 [bullfrog (2)]
  2464 | D:2      | Slain by a bullfrog

Skill      XL: |  1  2  3  4 |
---------------+-------------+-----
Conjurations   | 2 3 |  3.0
Translocations | 2 |  2.0
Dodging        | |  2.0
Stealth        | |  2.0
Spellcasting   | |  3.8
Summonings     | |  1.0

Action                   |  1- 3 |  4- 6 || total
-------------------------+-------+-------++-------
Melee: Unarmed           |     5 |       ||     5
       Whip              |       |    12 ||    12
 Cast: Magic Dart        |    75 |    58 ||   133
       Call Imp          |       |     2 ||     2
  Eat: Chunk             |     1 |     4 ||     5
Armor: Robe              |     6 |     8 ||    14
Dodge: Dodged            |    19 |    39 ||    58
